AoeStats
← Luchiansky

Arabian Desert

510798445Analyzed
1v1 RM · 10h ago on Oct 2, 2026· 39m 38s· 2 players
Game mode
Random Map
Map size
Tiny (2 player)
Population
200
Speed
Normal
Resources
Standard
Victory
Conquest
Starting age
Dark Age
Ending age
Imperial Age
RankedLock teamsTeams togetherTeam positionsShared explorationLock speedFull tech treeHidden civsTurbo modeCheats
Victory
Defeat
🇮🇳 Mongols · India
1262
+16
🇦🇷 Magyars · Argentina
1263
-16
Banana Philosopher
6:32 Loom
8:53 Feudal Age
9:23 Double-Bit Axe
14:42 Town Watch
17:16 Scale Barding Armor
17:56 Bloodlines
21:28 Castle Age
26:48 Fletching
27:26 Bodkin Arrow
29:02 Padded Archer Armor
31:40 Leather Archer Armor
34:21 Bow Saw
35:35 Husbandry
36:17 Ballistics
36:07 Masonry
40:57 Imperial Age
Luchiansky
5:53 Loom
9:46 Feudal Age
10:35 Double-Bit Axe
17:54 Wheelbarrow
17:15 Horse Collar
22:27 Castle Age
21:20 Gold Mining
22:13 Bloodlines
21:56 Fletching
22:53 Padded Archer Armor
24:57 Bodkin Arrow
29:24 Husbandry
29:40 Town Watch
31:51 Gold Shaft Mining
31:30 Bow Saw
31:23 Heavy Plow
38:53 Imperial Age
Connection lost

Rejoining the realm…

Still unreachable

The connection could not be restored.

Session expired

The server has moved on; the page needs a fresh start.